AoeStats
← PABLO ESCOBAR GAVIRIA

Arabia

510673255Analyzed
1v1 RM · 15h ago on Oct 2, 2026· 94m 40s· 2 players
Game mode
Random Map
Map size
Tiny (2 player)
Population
200
Speed
Normal
Resources
Standard
Victory
Conquest
Starting age
Dark Age
Ending age
Imperial Age
RankedLock teamsTeams togetherTeam positionsShared explorationLock speedFull tech treeHidden civsTurbo modeCheats
Victory
Defeat
🇺🇸 Franks · United States
996
+14
946
-14
PABLO ESCOBAR GAVIRIA
2:35 Loom
9:51 Feudal Age
10:19 Double-Bit Axe
12:07 Horse Collar
22:32 Castle Age
21:47 Stone Mining
22:11 Gold Mining
23:35 Bow Saw
23:03 Pikeman
25:01 Wheelbarrow
26:12 Forging
33:11 Imperial Age
30:10 Elite Skirmisher
32:33 Iron Casting
31:59 Scale Mail Armor
32:26 Heavy Plow
37:31 Gold Shaft Mining
37:54 Fletching
39:17 Chemistry
38:13 Murder Holes
38:24 Padded Archer Armor
39:38 Stone Shaft Mining
39:28 Ballistics
41:41 Thumb Ring
42:01 Leather Archer Armor
41:42 Bodkin Arrow
41:53 Scale Barding Armor
43:26 Crossbowman
50:27 Crop Rotation
51:00 Two-Man Saw
49:41 Halberdier
53:11 Chain Mail Armor
53:27 Ring Archer Armor
52:57 Bracer
65:40 Plate Mail Armor
65:30 Chain Barding Armor
71:12 Arbalester
72:28 Conscription
82:32 Plate Barding Armor
94:57 Hand Cart
DJax
6:54 Loom
9:46 Feudal Age
10:40 Double-Bit Axe
17:16 Wheelbarrow
20:15 Castle Age
19:18 Scale Barding Armor
19:26 Forging
20:45 Gold Mining
21:14 Husbandry
21:53 Hand Cart
22:56 Gold Shaft Mining
26:26 Chain Barding Armor
28:10 Town Watch
29:01 Bow Saw
28:57 Stone Mining
31:33 Town Patrol
33:59 Iron Casting
36:47 Imperial Age
35:04 Fletching
35:14 Padded Archer Armor
36:03 Elite Skirmisher
37:41 Bodkin Arrow
38:02 Leather Archer Armor
40:13 Plate Barding Armor
40:39 Blast Furnace
40:23 Conscription
40:17 Cavalier
42:08 Paladin
47:37 Conscription
55:31 Light Cavalry
57:09 Chivalry
62:20 Heavy Scorpion
65:37 Elite Throwing Axeman
67:51 Ballistics
71:13 Chemistry
73:40 Arrowslits
73:37 Treadmill Crane
84:11 Murder Holes
84:30 Masonry
84:33 Fortified Wall
Connection lost

Rejoining the realm…

Still unreachable

The connection could not be restored.

Session expired

The server has moved on; the page needs a fresh start.